 Dungeon Crawl Stone Soup version 0.29.1-1-gd02db6906a (webtiles) character file.

Game seed: 15931776823633590243

90 LustLizard the Trooper (level 4, -3/35 HPs)
             Began as a Demonspawn Fighter on Oct 4, 2022.
             Killed by nerve-wracking pain
             ... invoked by a shadow imp
             ... summoned by Natasha
              (7 damage)
             ... on level 2 of the Dungeon.
             The game lasted 00:02:53 (1794 turns).

LustLizard the Trooper (Demonspawn Fighter)         Turns: 1794, Time: 00:02:54

Health: -3/35      AC:  6    Str: 17    XL:     4   Next: 32%
Magic:  4/4        EV:  9    Int: 11    God:
Gold:   32         SH:  4    Dex: 12    Spells: 1/3 levels left

rFire   . . .      SeeInvis .   a - +0 long sword
rCold   . . .      Faith    .   c - +0 buckler
rNeg    . . .      Spirit   .   b - +0 scale mail
rPois   .          Reflect  .   (no helmet)
rElec   .          Harm     .   (no cloak)
rCorr   .          Rampage  .   (no gloves)
Will    .....                   (no boots)
Stlth   ..........              (no amulet)
HPRegen 0.11/turn               m - ring of wizardry
MPRegen 0.09/turn               (no ring)

@: slowed, very slow
A: powered by death 1, powered by pain 1, weakness stinger 1
a: no special abilities


You were on level 2 of the Dungeon.
You visited 1 branch of the dungeon, and saw 2 of its levels.

You collected 32 gold pieces.

Inventory:

Hand Weapons
 a - a +0 long sword (weapon)
Missiles
 k - 10 poisoned darts (quivered)
Armour
 b - a +0 scale mail (worn)
 c - a +0 buckler (worn)
Jewellery
 e - a ring of ice
 m - a ring of wizardry (left hand)
Scrolls
 f - a scroll of amnesia {unknown}
 g - a scroll of identify {unknown}
 h - a scroll of summoning {unknown}
 i - a scroll of teleportation {unknown}
 l - a scroll of magic mapping {unknown}
Potions
 d - a potion of might
 j - a potion of cancellation {unknown}


   Skills:
 + Level 3.4 Fighting
 * Level 2.9 Long Blades
 + Level 3.1 Armour
 + Level 3.1 Shields
 * Level 1.0 Translocations


You had one spell level left.
You knew the following spells:

 Your Spells              Type           Power      Damage    Failure   Level
a - Blink                 Tloc           4%         N/A       50%         2

Your spell library contained the following spells:

 Spells                   Type           Power      Damage    Failure   Level
 Lesser Beckoning         Tloc           2%         N/A       73%         3
 Manifold Assault         Tloc           2%         N/A       100%        5


Dungeon Overview and Level Annotations

Branches:
Dungeon (2/15)

Altars:

Shops:
D:2 [

Annotations:
D:2 Natasha


Innate Abilities, Weirdness & Mutations

You regenerate a little health from kills.
You sometimes gain a little power by taking damage.
You have a small tail.


Message History

The dart slug bites you but does no damage.
Natasha claws you.
You slash Natasha!
You kill Natasha!
Natasha screams in fury as she dies!
The iron imp disappears in a puff of smoke!
The dart slug bites you but does no damage.
Your Translocations skill increases to level 1!
You have reached level 4!
You feel stronger.
Your demonic ancestry asserts itself...
You feel energised by your suffering.
Unknown command.
You completely miss the dart slug.
The dart slug bites you but does no damage.
You slash the dart slug!
The dart slug is almost dead.
The dart slug briefly extends its eye-stalks.
You block the dart slug's attack.
You slash the dart slug!
You kill the dart slug!
You start resting.
Natasha, Servant of Life and Death comes into view.
Natasha casts a spell at you. The magic dart hits you.
Natasha casts a spell.
Natasha stares at you and mumbles some strange words.
You feel yourself slow down.
Natasha wildly gestures.
You feel disoriented.
Natasha casts a spell.
Natasha mumbles some strange words.
Things that are here:
a +0 dagger; a hobgoblin skeleton You see here a hobgoblin corpse.
The shadow imp gestures at you. Pain shoots through your body!
* * * LOW HITPOINT WARNING * * *
The shadow imp gestures at you. Pain shoots through your body!
You die...

........#.. #
..........# ..
.........8# .........
.......#.?####......#...
.......8†∩.8.......g..#.
######.#<#...#.$.......
#.#8.............. ##
##.............#... #.
####.@#.....#.......g.
####.#######....##.#####
.....#..
.............##†##.#
#......
......#########5##.#
...##... ......h#
##h##.. # #....
.......#######5.##..#
#....
.......##.....5.....###
#....
.......#..5.5..........
#....
.....................##
#....


You could see Natasha, a crimson imp (summoned) and 2 shadow imps.

Vanquished Creatures
  Natasha (D:2)
  An adder (D:1)
  2 dart slugs (D:2)
  A ball python (D:2)
  8 endoplasms
  3 giant cockroaches
  5 goblins
  7 hobgoblins
  4 jackals (D:2)
  4 kobolds (D:1)
  2 quokkas (D:1)
  2 bats (D:1)
  3 frilled lizards
  2 rats (D:1)
45 creatures vanquished.

Notes
Turn   | Place    | Note
-------+----------+-------------------------------------------
     0 | D:1      | LustLizard the Demonspawn Fighter began the quest for the
                  | Orb.
     0 | D:1      | Reached XP level 1. HP: 18/18 MP: 1/1
   180 | D:1      | Gained mutation: You regenerate a little health from kills.
                  | [demonic ancestry]
   180 | D:1      | Reached XP level 2. HP: 9/24 MP: 2/2
   446 | D:1      | Found a faded altar of an unknown god.
  1250 | D:1      | Discovered your monstrous ancestry.
  1250 | D:1      | Gained mutation: You have a small tail. [demonic ancestry]
  1250 | D:1      | Reached XP level 3. HP: 29/29 MP: 3/3
  1261 | D:1      | Learned a level 2 spell: Blink
  1505 | D:2      | Found Xysseywn's Antique Armour Boutique.
  1748 | D:2      | Noticed Natasha
  1759 | D:2      | Killed Natasha
  1760 | D:2      | Reached skill level 1 in Translocations
  1760 | D:2      | Gained mutation: You sometimes gain a little power by
                  | taking damage. [demonic ancestry]
  1760 | D:2      | Reached XP level 4. HP: 14/35 MP: 4/4
  1770 | D:2      | Noticed Natasha
  1794 | D:2      | Killed from afar by a shadow imp

Illustrated notes

Levels and vault maps discovered:
D:1:      lordsloth_arrival_two_stooges, layout_basic,
          chequers_ecumenical_altar_island
D:2:      layout_rooms, serial_shops, nicolae_shop_statue_plus, shop,
          kennysheep_decorative_pillar, minmay_misc_feat_hallway, uniq_robin,
          uniq_natasha, uniq_jessica

Skill      XL: |  1  2  3 |
---------------+----------+-----
Long Blades    | 2 |  2.9
Armour         | 3 |  3.1
Shields        | 3 |  3.1
Translocations | 1 |  1.0
Fighting       | |  3.4

Action                   |  1- 3 |  4- 6 || total
-------------------------+-------+-------++-------
Melee: Long sword        |   135 |     3 ||   138
       Tailslap          |     7 |       ||     7
Armor: Scale mail        |    70 |     1 ||    71
Dodge: Dodged            |    51 |       ||    51
Block: Buckler           |    44 |     1 ||    45
